Yev-Ruu, chaotic female vampiric Convict ----- ----- --------------- |...| |...| |..)..........| -------- --------- |....####.._$| #-.............| |......-#### |.......| |...| |...| ###-----------.--- |..<...| # |[......-# |.`.| |...| # # |......| ###|..)....|% |...| ---|- # # |^.....| #-.......|# -#-.- # # # -.------ |.....Y@|# % # # # ### # ---------# ### # # # ### # # # # ## # # ### ## # ------|---- # # % --|----% |.........| # # #%# |.....|#####.......>..| # # # |.....|# |.........| # ## ## |.....|# ----------- ----.------- #--|-|---+-- |...[..# |..........| #|.........| |.....| |..........-############0 #..........| ------- ------------ ---|------- # Yev-Ruu the Jail-bird Experience level: 6 Strength: 25 Dexterity: 13 Constitution: 20 Intelligence: 11 Wisdom: 7 Charisma: 7 Health: 0(56) Energy: 24(24) AC: 6 Gold: 0 Moves: 2495 Your Inventory: Armor b - a cursed +0 striped shirt (being worn) f - an [uncursed] +0 slippery cloak [oilskin] (being worn) g - an [uncursed] +0 iron skull cap [orcish helm] (being worn) l - an [uncursed] +0 pair of boots called Reg [kicking] (being worn) t - a blessed +0 pair of gauntlets of power (being worn) Comestibles q - an uncursed Hyper Futa Mare Dick named Plenty Scrolls h - an uncursed scroll labeled GHOTI [of identify] j - an uncursed scroll labeled VE FORBRYDERNE [of genocide] w - an uncursed scroll labeled KERNOD WEL [of teleportation] Spellbooks y - an uncursed big spellbook [of turn undead] Potions r - an uncursed silver potion [of levitation] Wands d - an uncursed wand of secret door detection [0:11] v - an uncursed ceramic wand [of lightning (0:8)] Tools p - 14 uncursed [wax] candles x - an uncursed magic marker [0:64] Gems n - 2 uncursed blue gems [worthless glass] o - 3 uncursed violet gems [worthless glass] Iron balls c - an uncursed heavy iron ball (chained to you) (weapon in hand) Spells known in the end: Name Level Category Fail Memory Your skills at the end: Fighting Skills Weapon Skills sling [Basic / Skilled] Spellcasting Skills Final Attributes: You were piously aligned. Hunger level was 194. Your alignment was 21 / 22. Monster difficulty range was 1 - 6. Level difficulty was 6. You were immune to level-drain. You were immune to sickness. You were punished. You could fly. You could survive without air. You regenerated. Your luck was zero. You are dead. Vanquished creatures: 2 small mimics a shrieker a gnome lord a wax golem a giant ant a floating eye a kitten 2 rothes 2 orc zombies an iguana 2 coyotes 3 gas spores a large kobold a hobgoblin a giant rat a cave spider a yellow mold 2 geckos 2 jackals 2 foxes 2 goblins 4 grid bugs a bat 2 lichens a kobold zombie 4 newts 43 creatures vanquished. Voluntary challenges: You went without food. You never hit with a wielded weapon. You read items or engraved 4 times. You put on armor 6 times. You never genocided any monsters. You never polymorphed an object. You never changed form. You used no wishes. You abstained from Elbereth's help. You never encountered a bones level. You never used any Sokoban shortcuts. Dungeon overview: The Dungeons of Doom: levels 1 to 6 Level 1 some fountains a long staircase Level 2 a sink Level 3 a fountain Level 4 an armor shop a long staircase Level 5 a fountain, a sink Level 6 <- You were here an altar History has recorded: On T:1 you entered the Dungeons of Doom to retrieve the Amulet of Yendor! On T:170 you advanced to experience level 2. On T:336 you reached level 2 of The Dungeons of Doom. On T:859 you advanced to experience level 3. On T:1016 you reached level 3 of The Dungeons of Doom. On T:1089 you advanced to experience level 4. On T:1407 you reached level 4 of The Dungeons of Doom. On T:1470 you advanced to experience level 5. On T:1761 you reached level 5 of The Dungeons of Doom. On T:1868 you advanced to experience level 6. On T:2020 you reached level 6 of The Dungeons of Doom. Latest messages: [48 turns] You feel a wrenching sensation. Your surroundings suddenly seem different. The ape hits! (2x) The ape bites! [HP-5=51] The ape hits! (2x) The ape bites! [HP-8=43] The ape hits! (2x) The ape bites! [HP-9=34] The ape hits! (2x) The ape bites! [HP-9=25] The ape hits! (2x) The ape bites! [HP-10=15] The ape hits! (2x) The ape bites! [HP-6=9] The ape hits! (2x) The ape bites! [HP-5=4] The ape hits! (2x) You die... Final status: Goodbye Yev-Ruu the Convict... You died in The Dungeons of Doom on dungeon level 6 with 1978 points, and 0 pieces of gold, after 2495 moves. You were level 6 with a maximum of 56 hit points when you died.